 Dungeon Sprint DCSS version 0.18-a0-1799-g6250cb2 (webtiles) character file.

2557 Kidiri the Grappler (level 9, -6/150 HPs)
             Began as a Troll Berserker on Apr 23, 2016.
             Was the Champion of Trog.
             Mangled by a deep elf knight
             ... wielding a +0 long sword
              (8 damage)
             ... in the Dungeon (Sprint V: "Ziggurat Sprint").
             The game lasted 00:04:30 (448 turns).

Kidiri the Grappler (Troll Berserker)                Turns: 448, Time: 00:04:30

Health: -6/150     AC: 23    Str: 38    XL:     9   Next: 31%
Magic:  8/8        EV:  7    Int:  3    God:    Trog [******]
Gold:   0          SH: 22    Dex: 18    Spells: 0 memorised, 8 levels left

rFire  + . .     SeeInvis .       - Unarmed
rCold  + . .     Gourm    +     E - +5 gold dragon armour
rNeg   . . .     Faith    .     F - +3 large shield
rPois  +         Spirit   .     (helmet restricted)
rElec  .         Dismiss  .     (no cloak)
rCorr  .         Reflect  .     (gloves unavailable)
SustAt .         Harm     .     (boots unavailable)
MR     .....     NoTele   +     (no amulet)
Stlth  ..........               A - +6 ring of strength
                                w - +6 ring of dexterity

@: berserking, lethally poisoned (-6 -> -8), slowed, not resistant to hostile
enchantments, extremely unstealthy
A: unfitting armour, claws 3, fast metabolism 3, gourmand, regeneration 2,
shaggy fur 1, tough skin 2
a: Berserk, Trog's Hand, Brothers in Arms, Burn Spellbooks, Renounce Religion


You were in the Dungeon.
You worshipped Trog.
Trog was exalted by your worship.
You were full.

You visited 1 branch

Inventory:

Hand Weapons
 a - a +3 long sword of electrocution
Armour
 E - a +5 gold dragon armour (worn)
 F - a +3 large shield (worn)
Jewellery
 w - a +6 ring of dexterity (left claw)
 x - a +6 ring of dexterity
 A - a +6 ring of strength (right claw)
 B - a +6 ring of strength
 G - the ring of the Lotus Blossom {rPois rC+ MR- Str+4 Int+10}
   (You found it in the Dungeon)

   [ring of protection from cold]

   It affects your strength (+4).
   It affects your intelligence (+10).
   It protects you from cold.
   It protects you from poison.
   It affects your resistance to hostile enchantments.
Wands
 y - a wand of disintegration (7/24)
 z - a wand of iceblast (5/15)
 C - a wand of lightning (5/15)
 D - a wand of acid (5/15)
Scrolls
 h - 4 scrolls of blinking
 o - 3 scrolls of recharging
 p - 7 scrolls of fog
 q - a scroll of holy word
 r - 5 scrolls of identify
 s - 5 scrolls of remove curse
 t - 2 scrolls of fear
 H - 2 scrolls of brand weapon
Potions
 c - 10 potions of curing
 d - 10 potions of heal wounds
 e - 6 potions of haste
 f - 7 potions of magic
 g - 3 potions of berserk rage
 i - 2 potions of brilliance
 j - 2 potions of invisibility
 k - 4 potions of resistance
 l - a potion of experience
 m - 5 potions of agility
 n - 5 potions of might
Comestibles
 b - 6 bread rations
 u - 42 fruits
 v - 4 meat rations


   Skills:
 * Level 9.4 Fighting
 + Level 3.0 Long Blades
 + Level 6.1 Armour
 * Level 9.4 Dodging
 + Level 6.2 Shields
 * Level 11.0 Unarmed Combat


You had 8 spell levels left.
You didn't know any spells.

Dungeon Overview and Level Annotations

Branches:
Dungeon (1/1)

Altars:
Ashenzari
Cheibriados
Dithmenos
Elyvilon
Fedhas
Gozag
Kikubaaqudgha
Makhleb
Nemelex Xobeh
Okawaru
Pakellas
Qazlal
Ru
Sif Muna
Trog
Vehumet
Xom
Yredelemnul
Zin
The Shining One
Beogh
Jiyva
Lugonu


Innate Abilities, Weirdness & Mutations

You are too large for most types of armour.
You have claws for hands.
Your metabolism is lightning-fast.
You like to eat raw meat.
You heal very quickly.
You are covered in fur (AC +1).
You have very tough skin (AC +2).


Message History

Something hits you.
* * * LOW HITPOINT WARNING * * *
You block the halberd of venom's attack.
The deep elf archer shoots an arrow.
You block the arrow.
The scimitar of venom completely misses you.
You eviscerate the scimitar of venom!!!
The scimitar of venom falls from the air.
Your Long Blades skill increases to level 3!
Your Armour skill increases to level 6!
Your Shields skill increases to level 6!
Your Unarmed Combat skill increases to level 11!
You feel sick. You block something's attack.
The halberd of venom hits you but does no damage.
The deep elf archer shoots an arrow.
The arrow hits you!
* * * LOW HITPOINT WARNING * * *
* * * LOW HITPOINT WARNING * * *
You feel sick. Something hits you but does no damage.
You block the halberd of venom's attack.
Something hits you!
You die...

▓........▓........▓
▓▓▓▓▓▓▓▓▓▓▓▓▓▓▓▓▓▓▓
▓..8©8..▓ ▓..)[|..▓
▓...)).e▓ ▓.......▓
▓.......▓ ▓..§(...▓
▓..)@)..▓ ▓.§((§..▓
▓..§....▓ ▓▓▓▓▓▓▓▓▓


You could see a deep elf archer and a halberd of venom.

Vanquished Creatures
  A dancing weapon (D)
  2 deep elf magi (D)
  2 trolls (D)
  A tarantella (D)
  A necrophage (D)
  2 ogres (D)
  2 phantoms (D)
  A scorpion (D)
  A crimson imp (D)
  A quasit (D)
  An orc priest (D)
  A jelly (D)
  An orc wizard (D)
  An ufetubus (D)
  An orc (D)
  A bat zombie (D)
  A giant cockroach zombie (D)
21 creatures vanquished.

Notes
Turn   | Place    | Note
--------------------------------------------------------------
     0 | D        | Kidiri the Troll Berserker began the quest for the Orb.
     0 | D        | Reached XP level 1. HP: 22/22 MP: 0/0
     0 | D        | Found a viscous altar of Jiyva.
     0 | D        | Found a roughly hewn altar of Beogh.
     0 | D        | Found a corrupted altar of Lugonu.
     0 | D        | Found a white marble altar of Elyvilon.
     0 | D        | Found a sparkling altar of Nemelex Xobeh.
     1 | D        | Found a burning altar of Makhleb.
     1 | D        | Found an iron altar of Okawaru.
     1 | D        | Found a deep blue altar of Sif Muna.
     1 | D        | Found a radiant altar of Vehumet.
     1 | D        | Found a bloodstained altar of Trog.
     1 | D        | Found a shimmering altar of Xom.
    70 | D        | Entered arena 1.
    70 | D        | Noticed a tarantella
    70 | D        | Noticed a scorpion
    73 | D        | Killed a tarantella
    73 | D        | Reached skill level 5 in Fighting
    73 | D        | Reached skill level 5 in Dodging
    73 | D        | Reached skill level 6 in Unarmed Combat
    73 | D        | Reached XP level 2. HP: 35/35 MP: 1/1
    73 | D        | Reached XP level 3. HP: 42/42 MP: 2/2
    73 | D        | Reached XP level 4. HP: 50/50 MP: 3/3
    73 | D        | Reached XP level 5. HP: 57/57 MP: 4/4
    75 | D        | Reached ** piety under Trog
    84 | D        | Got the ring of the Lotus Blossom {rPois rC+ MR- Str+4 Int+10}
   125 | D        | Entered arena 2.
   146 | D        | Reached *** piety under Trog
   244 | D        | Entered arena 3.
   244 | D        | Noticed a troll
   244 | D        | Noticed an ogre
   244 | D        | Noticed an ogre
   244 | D        | Noticed a troll
   250 | D        | Killed an ogre
   250 | D        | Reached skill level 7 in Unarmed Combat
   250 | D        | Reached XP level 6. HP: 67/67 MP: 5/5
   252 | D        | Killed a troll
   252 | D        | Reached skill level 8 in Unarmed Combat
   252 | D        | Reached XP level 7. HP: 76/76 MP: 6/6
   260 | D        | Killed a troll
   260 | D        | Reached **** piety under Trog
   260 | D        | Reached skill level 9 in Unarmed Combat
   307 | D        | Entered arena 4.
   319 | D        | Reached skill level 5 in Shields
   328 | D        | Reached ***** piety under Trog
   368 | D        | Entered arena 5.
   369 | D        | Received a gift from Trog
   373 | D        | Reached XP level 8. HP: 88/88 MP: 7/7
   377 | D        | Reached skill level 5 in Armour
   426 | D        | Entered arena 6.
   426 | D        | Noticed a deep elf mage
   426 | D        | Noticed a halberd of venom
   426 | D        | Noticed a deep elf knight
   426 | D        | Noticed a deep elf archer
   426 | D        | Noticed a scimitar of venom
   426 | D        | Noticed a deep elf mage
   441 | D        | Killed a deep elf mage
   441 | D        | Reached skill level 1 in Long Blades
   441 | D        | Reached skill level 10 in Unarmed Combat
   446 | D        | Killed a deep elf mage
   446 | D        | Reached ****** piety under Trog
   446 | D        | Reached XP level 9. HP: 17/98 MP: 8/8
   447 | D        | Killed a scimitar of venom
   447 | D        | Reached skill level 11 in Unarmed Combat
   447 | D        | HP: 2/150 [deep elf archer/arrow (9)]
   448 | D        | Mangled by a deep elf knight

Vault maps used:
D:        sprint_v

Skill      XL: |  1  2  3  4  5  6  7  8  9 |
---------------+----------------------------+-----
Fighting       | 5 6 7 9 |  9.4
Armour         | 2 3 4 5 6 |  6.1
Dodging        | 5 6 7 9 |  9.4
Shields        | 2 3 4 5 6 |  6.2
Unarmed Combat | 6 7 8 9 10 11 | 11.0
Long Blades    | 2 3 |  3.0

Action                   |  1- 3 |  4- 6 |  7- 9 || total
-------------------------+-------+-------+-------++-------
Melee: Unarmed           |     2 |    26 |    47 ||    75
Invok: Berserk           |     1 |     1 |     3 ||     5
       Burn Spellbooks   |       |       |     3 ||     3
  Eat: Chunk             |       |     4 |     6 ||    10
Armor: Gold dragon armou |     1 |    23 |    27 ||    51
Dodge: Dodged            |       |     3 |    13 ||    16
Block: Large shield      |     1 |    25 |    84 ||   110
